[Event "Late-Titled-Tuesday-Blitz-October-10-2023"]
[Site "Chess.com"]
[Date "2023.10.10"]
[Round "1"]
[White "Cheer_Down"]
[Black "rezamahdavi2008"]
[Result "0-1"]
[WhiteElo "2450"]
[BlackElo "2868"]
[TimeControl "180+1"]
[EndTime "14:06:16 PDT"]
[Termination "rezamahdavi2008 won by checkmate"]

1. e4 c5 2. Nf3 d6 3. d4 cxd4 4. Nxd4 Nf6 5. Nc3 a6 6. Bg5 e6 7. f4 Qb6 8. Qd3 Qxb2 9. Rb1 Qa3 10. f5 Qa5 11. Bd2 Qc7 12. fxe6 Bxe6 13. Nxe6 fxe6 14.
Be2 Nc6 15. O-O Be7 16. Qh3 Qd7 17. Bc4 Nd8 18. Kh1 Rc8 19. e5 Rxc4 20. exf6 Bxf6 21.
Qh5+ Qf7 22. Qe2 Rc8 23. Ne4 Rc6 24. c4 O-O 25. c5 d5 26. Nd6 Qg6 27. Nxb7 Nxb7 28.
Rxb7 Rxc5 29. Qxe6+ Kh8 30. Bb4 Rc2 31. Qxd5 Re8 32.
a3 h6 33. h3 Kh7 34. Qf7 Qxf7 35. Rxf7 Kg6 36. Ra7 Ree2 37. Rg1 Bd4 38. Rxa6+ Kh7 39.
Rd1 Bf6 40. Rg1 Bd4 41. Rd1 Be5 42. Rg1 Re3 43. Rd1 Rg3 44. Rg1 Rxh3+ 45. gxh3 Rh2# 0-1

[Event "Late-Titled-Tuesday-Blitz-October-10-2023"]
[Site "Chess.com"]
[Date "2023.10.10"]
[Round "1"]
[White "Andrei_Skvortsov"]
[Black "Javylavilla"]
[Result "1-0"]
[WhiteElo "2688"]
[BlackElo "2368"]
[TimeControl "180+1"]
[EndTime "14:06:17 PDT"]
[Termination "Andrei_Skvortsov won by resignation"]

1. e4 e6 2. d4 d5 3. exd5 exd5 4. Nf3 Bd6 5. c4 c6 6. Bd3 dxc4 7. Bxc4 Ne7 8. h3 O-O 9. O-O Nd7 10. Nc3 Nb6 11. Bb3 Bf5 12. a4 Bc7 13. Ne5 Ned5 14.
Qh5 g6 15. Qf3 Qd6 16. Ne4 Bxe4 17. Qxe4 Rae8 18. Qh4 c5 19. Bh6 cxd4 20. Nf3 Bd8 21. Qg3 Qxg3 22. fxg3 Ne3 23. Rfe1 Bf6 24. Bxf8 Kxf8 25.
Kf2 Nd7 26. Rac1 b6 27. Bc4 Nc5 28. Bb5 Re7 29. Nd2 a6 30. Rxc5 bxc5 31. Bxa6 Bg5 32. Nf3 Bh6 33. g4 Rd7 34. Bb5 Ra7 35. g5 Bg7 36. Rc1 Rc7 37. a5 c4 38. a6 Nf5 39.
Rxc4 Ra7 40. Rc8+ Ke7 41. Rb8 Nd6 42. Bd3 Ke6 43. b4 Kd5 44. b5 Be5 45. Nxe5 Kxe5 46. b6 1-0

[Event "Late-Titled-Tuesday-Blitz-October-10-2023"]
[Site "Chess.com"]
[Date "2023.10.10"]
[Round "1"]
[White "ljm509"]
[Black "Dacean99"]
[Result "0-1"]
[WhiteElo "2250"]
[BlackElo "2595"]
[TimeControl "180+1"]
[EndTime "14:06:17 PDT"]
[Termination "Dacean99 won by resignation"]

1. e4 d6 2. d4 Nf6 3. Nc3 g6 4.
f3 Bg7 5. Be3 O-O 6. Qd2 a6 7.
O-O-O b5 8. Kb1 Bb7 9. Bh6 Nbd7 10. h4 c5 11. d5 b4 12. Nce2 c4 13. Bxg7 Kxg7 14. Qxb4 Rb8 15. Qd2 Nc5 16. Nc3 Qa5 17.
Bxc4 Rfc8 18. Bb3 h5 19. Nge2 Qb6 20. Qd4 a5 21. Nc1 Ba6 22. a4 Qc7 23. g4 Rb4 24. Qe3 Bc4 25. Bxc4 Rxc4 26. Nb5 Qb8 27. b3 Nxa4 28.
bxc4 Rxc4 29. Qb3 Rb4 30. Qxb4 axb4 31. Nd4 Nc3+ 32. Kb2 Qa7 33. Kb3 Qa3+ 34. Kc4 Nd7 35. Kd3 Nxd1+ 36. Ke2 Qe3+ 0-1

[Event "Late-Titled-Tuesday-Blitz-October-10-2023"]
[Site "Chess.com"]
[Date "2023.10.10"]
[Round "1"]
[White "AleksandrAleksikov"]
[Black "aa175"]
[Result "0-1"]
[WhiteElo "2263"]
[BlackElo "2606"]
[TimeControl "180+1"]
[EndTime "14:06:19 PDT"]
[Termination "aa175 won on time"]

1. e4 c5 2. Nf3 d6 3. d4 Nf6 4.
Nc3 cxd4 5. Nxd4 a6 6. Be2 e6 7.
Be3 Nbd7 8. a4 b6 9. Qd2 Bb7 10. f3 Rc8 11. O-O Be7 12. Kh1 O-O 13.
Rad1 Ne5 14. Qe1 Qc7 15. Bc1 Rfd8 16. Rf2 Nc4 17. Qf1 d5 18. exd5 Nxd5 19. Nxd5 Rxd5 20.
b3 Na5 21. Bb2 Bc5 22. Qe1 Rcd8 23. c3 Nxb3 24. Bc4 Bxd4 25. Bxd5 Bxf2 26. Qxf2 Rxd5 27. Rxd5 Bxd5 28. Qc2 Qc4 0-1

[Event "Late-Titled-Tuesday-Blitz-October-10-2023"]
[Site "Chess.com"]
[Date "2023.10.10"]
[Round "1"]
[White "Defenstrator"]
[Black "ViralduS"]
[Result "0-1"]
[WhiteElo "2405"]
[BlackElo "2729"]
[TimeControl "180+1"]
[EndTime "14:06:21 PDT"]
[Termination "ViralduS won by resignation"]

1. Nc3 c5 2. d4 cxd4 3. Qxd4 Nc6 4. Qh4 d5 5. e4 d4 6. Nd5 Nf6 7. Nxf6+ exf6 8. Bd2 Be6 9. Bb5 Qb6 10. Bxc6+ bxc6 11.
b3 Be7 12. Ne2 f5 13. Qg3 fxe4 14. Qxg7 O-O-O 15. Qe5 Rhe8 16. Qxe4 Bb4 17. Qd3 Bxd2+ 18. Qxd2 Bg4 19. f3 Bf5 20. O-O-O d3 21. cxd3 Rxd3 22.
Qb2 Qe3+ 23. Rd2 Red8 24. Rd1 Qc5+ 25. Qc2 Qxc2+ 0-1

[Event "Late-Titled-Tuesday-Blitz-October-10-2023"]
[Site "Chess.com"]
[Date "2023.10.10"]
[Round "1"]
[White "GM_dmitrij"]
[Black "only_strong_moves"]
[Result "1-0"]
[WhiteElo "3020"]
[BlackElo "2510"]
[TimeControl "180+1"]
[EndTime "14:06:25 PDT"]
[Termination "GM_dmitrij won on time"]

1. Nf3 Nf6 2. c4 b6 3. d4 e6 4. a3 Bb7 5. Nc3 Be7 6. Qc2 d5 7. cxd5 exd5 8. Bf4 a6 9. e3 c5 10. Bd3 O-O 11. O-O h6 12. Rfd1 Nbd7 13. Rac1 Rc8 14. h3 Re8 15. Bf5 Bf8 16. Ne5 Ra8 17. Nxd7 Nxd7 18.
dxc5 Nxc5 19. Bg3 g6 20. b4 Ne6 21. Be4 Rc8 22. Qa2 Qf6 23. Nxd5 Bxd5 24. Bxd5 1-0

[Event "Late-Titled-Tuesday-Blitz-October-10-2023"]
[Site "Chess.com"]
[Date "2023.10.10"]
[Round "1"]
[White "Chesstrainer1"]
[Black "vladislavkovalev"]
[Result "0-1"]
[WhiteElo "2456"]
[BlackElo "2883"]
[TimeControl "180+1"]
[EndTime "14:06:25 PDT"]
[Termination "vladislavkovalev won on time"]

1. e4 e5 2. Nf3 Nc6 3. Bb5 a6 4. Ba4 Nf6 5. Qe2 b5 6. Bb3 Bc5 7. a4 Rb8 8. d3 d6 9. O-O Nd4 10.
Nxd4 Bxd4 11. c3 Bb6 12. Na3 Bd7 13. axb5 axb5 14. Nc2 O-O 15. Bg5 h6 16. Bh4 g5 17.
Bg3 Bg4 18. Qd2 Nh5 19. Ne3 Be6 20. Qd1 Nf4 21. Nf5 Bxf5 22. exf5 Qf6 23. Bxf4 gxf4 24. Qg4+ Kh7 25. Bc2 Rg8 26. Qh3 Rg5 27. Kh1 Kh8 28. g4 h5 29. Bd1 Rbg8 30. Bf3 Qh6 31. gxh5 Qg7 32. Rad1 Bxf2 33. f6 Rg1+ 0-1

[Event "Late-Titled-Tuesday-Blitz-October-10-2023"]
[Site "Chess.com"]
[Date "2023.10.10"]
[Round "1"]
[White "angryspacevoid"]
[Black "PNEPaul"]
[Result "1-0"]
[WhiteElo "2533"]
[BlackElo "1992"]
[TimeControl "180+1"]
[EndTime "14:06:25 PDT"]
[Termination "angryspacevoid won on time"]

1. e4 e5 2. Nf3 Nc6 3. c3 Be7 4. d4 exd4 5. cxd4 d6 6. Nc3 Nf6 7. h3 O-O 8. Bd3 h6 9. Be3 Nh7 10. Qd2 f5 11. exf5 Bxf5 12. Bxf5 Rxf5 13. O-O-O Ng5 14.
Nh4 Rf8 15. Ng6 Rf6 16. Nxe7+ Qxe7 17. Nd5 Qf7 18. Nxf6+ Qxf6 19. Kb1 Ne4 20. Qc2 d5 21. Qb3 Qf5 22. Ka1 Na5 23. Qd3 Qd7 24. Rc1 Nc6 25.
Qb3 Na5 26. Qb4 b6 27. g4 Rf8 28. Rhg1 Nxf2 29. Rgf1 c5 30. dxc5 Nc6 31. Qa3 Ne4 32.
Rxf8+ Kxf8 33. cxb6+ Kg8 34. bxa7 1-0

[Event "Late-Titled-Tuesday-Blitz-October-10-2023"]
[Site "Chess.com"]
[Date "2023.10.10"]
[Round "1"]
[White "maurovargas01"]
[Black "tgpgoat"]
[Result "0-1"]
[WhiteElo "1902"]
[BlackElo "2531"]
[TimeControl "180+1"]
[EndTime "14:06:26 PDT"]
[Termination "tgpgoat won on time"]

1. e4 c5 2. Nc3 e6 3. f4 Nc6 4. Nf3 d6 5. Bb5 Bd7 6. Bxc6 Bxc6 7. d3 Nf6 8. O-O Be7 9. Qe1 O-O 10.
Bd2 Qc7 11. Qg3 b5 12. Rae1 Nd7 13. Nd1 Bf6 14. c3 a5 15. Ne3 b4 16. Ng4 Be7 17. f5 Kh8 18. Bg5 Qd8 19. Qh4 f6 20. Bd2 Ne5 21.
Nfxe5 dxe5 22. Re3 Be8 23. Rh3 h5 24. fxe6 f5 25. Qg3 fxg4 26. Qxg4 Rxf1+ 27. Kxf1 Kg8 28. Rxh5 Bxh5 29. Qxh5 Qxd3+ 0-1

[Event "Late-Titled-Tuesday-Blitz-October-10-2023"]
[Site "Chess.com"]
[Date "2023.10.10"]
[Round "1"]
[White "santosalberto1987"]
[Black "tptagain"]
[Result "0-1"]
[WhiteElo "2453"]
[BlackElo "2875"]
[TimeControl "180+1"]
[EndTime "14:06:27 PDT"]
[Termination "tptagain won by resignation"]

1. e4 c5 2. Nf3 Nc6 3. Nc3 d6 4.
d4 cxd4 5. Nxd4 e5 6. Ndb5 a6 7.
Na3 Be6 8. Nc4 Rb8 9. Ne3 g6 10. Ned5 Bg7 11. Be3 b5 12. a3 Nf6 13. Nxf6+ Bxf6 14. Qd2 O-O 15. Nd5 Bg7 16. c3 f5 17. exf5 gxf5 18. f4 Na5 19. Rd1 Kh8 20. Be2 Nc4 21. Bxc4 bxc4 22. O-O Qd7 23. Nb6 Qb5 24. Qxd6 exf4 25.
Bxf4 Rxb6 26. Qe7 Re8 27. Qg5 Bd5 28. Qxf5 Be4 29. Qh3 Rg6 30. Bg3 Qxb2 31. Rf2 Qb6 32. Kh1 Bxc3 33. Rf7 Bg7 34. Qd7 Qc6 0-1

[Event "Late-Titled-Tuesday-Blitz-October-10-2023"]
[Site "Chess.com"]
[Date "2023.10.10"]
[Round "1"]
[White "cthake"]
[Black "GoldenShare"]
[Result "0-1"]
[WhiteElo "1964"]
[BlackElo "2532"]
[TimeControl "180+1"]
[EndTime "14:06:28 PDT"]
[Termination "GoldenShare won by resignation"]

1. e4 e6 2. d4 d5 3. Nc3 Nc6 4.
e5 Nge7 5. Nf3 b6 6. Be2 Bb7 7. O-O Qd7 8. a3 h6 9. h3 Na5 10. b3 g5 11. Bb5 Nac6 12. a4 a6 13. Bd3 Nb4 14. Be2 Bg7 15. Ba3 a5 16. Nb5 Nf5 17.
c3 Nc6 18. Qd2 Nce7 19. Rac1 Ng6 20. c4 dxc4 21. Rxc4 Rc8 22. Rd1 Nf4 23. d5 Bxd5 24. Kh2 Nxe2 25. Qxe2 c5 26. Rcc1 O-O 27. g4 Nd4 28.
Nfxd4 cxd4 29. Nxd4 Rxc1 30. Bxf8 Rxd1 31. Qxd1 Bxe5+ 32.
Kg1 Kxf8 33. Nf3 Qc7 34. Qe2 Bf4 35. Nd4 Qc1+ 0-1

[Event "Late-Titled-Tuesday-Blitz-October-10-2023"]
[Site "Chess.com"]
[Date "2023.10.10"]
[Round "1"]
[White "alexrustemov"]
[Black "komogro"]
[Result "1-0"]
[WhiteElo "2851"]
[BlackElo "2446"]
[TimeControl "180+1"]
[EndTime "14:06:33 PDT"]
[Termination "alexrustemov won on time"]

1. d4 Nf6 2. c4 g6 3. Nf3 Bg7 4.
g3 O-O 5. Bg2 d6 6. O-O Nbd7 7.
Nc3 c6 8. e4 e5 9. h3 a5 10.
Be3 a4 11. Qc2 exd4 12. Nxd4 Nc5 13. Rfe1 Qa5 14. Rab1 Re8 15. b4 axb3 16. axb3 Qb4 17. Bd2 Qb6 18. Be3 Qb4 19. Red1 Be6 20. Bd2 Qa3 21.
Bf4 Na6 22. Qb2 Qxb2 23. Rxb2 Rad8 24. Rbd2 Nh5 25. Be3 Nb4 26. Nde2 Ra8 27. g4 Nf6 28. Rxd6 Ra3 29. Rb1 Nd7 30. f4 Bf8 31. Rd2 Bc5 32.
Nd4 f5 33. gxf5 Bxf5 34. Kf2 1-0

[Event "Late-Titled-Tuesday-Blitz-October-10-2023"]
[Site "Chess.com"]
[Date "2023.10.10"]
[Round "1"]
[White "ritanovikova"]
[Black "biostatistician"]
[Result "0-1"]
[WhiteElo "2110"]
[BlackElo "2544"]
[TimeControl "180+1"]
[EndTime "14:06:33 PDT"]
[Termination "biostatistician won by resignation"]

1. e4 e5 2. Nf3 Nc6 3. Bb5 Nf6 4.
O-O Nxe4 5. d4 Nd6 6. Bxc6 dxc6 7. dxe5 Nf5 8. Qxd8+ Kxd8 9. Ng5 Ke8 10. Nc3 h6 11.
Nf3 Be7 12. Bf4 Be6 13. Ne4 Rd8 14. c3 Bd5 15. Ng3 Nxg3 16. hxg3 c5 17. b3 c4 18. b4 Bxf3 19. gxf3 Rd3 20. Rac1 Kd7 21. Rfd1 Rd8 22. Rxd3+ cxd3 23. Rd1 Ke6 24. Kf1 g5 25. Be3 Kxe5 26.
f4+ Kf5 27. fxg5 hxg5 28. f3 g4 29. Kf2 Bf6 30. Bd2 Re8 31. Re1 Rxe1 32. Bxe1 gxf3 33.
Kxf3 Bg5 34. g4+ Ke6 35. Bg3 c6 36. Bf2 a6 37. a4 Kd5 38. Bd4 Kc4 39. a5 Kb3 40.
Kf2 d2 41. Ke2 Kc2 0-1

[Event "Late-Titled-Tuesday-Blitz-October-10-2023"]
[Site "Chess.com"]
[Date "2023.10.10"]
[Round "1"]
[White "dretch"]
[Black "schack_vit"]
[Result "0-1"]
[WhiteElo "2842"]
[BlackElo "2465"]
[TimeControl "180+1"]
[EndTime "14:06:34 PDT"]
[Termination "schack_vit won by checkmate"]

1. d4 d5 2. c4 c6 3. Nc3 Nf6 4. e3 e6 5. Bd3 Nbd7 6. e4 dxe4 7.
Nxe4 Nxe4 8. Bxe4 Nf6 9. Bc2 c5 10. Nf3 cxd4 11. O-O Bc5 12. Bg5 h6 13. Ba4+ Bd7 14.
Bxd7+ Qxd7 15. Ne5 Qc7 16. Bxf6 gxf6 17. Qa4+ Ke7 18.
Nd3 Bd6 19. h3 Rhg8 20. c5 Be5 21. Rfe1 Qc6 22. Qxc6 bxc6 23. Rad1 Rab8 24. Re4 Rgd8 25. Rh4 Rh8 26. b3 Rbd8 27. f4 Bb8 28. Nb4 Rc8 29.
Rxd4 a5 30. Nd3 Ba7 31. Ra4 Rcd8 32. Rxa5 Bb8 33. Nb4 Rd1+ 34. Kf2 Rd2+ 35. Kf3 Bc7 36. Ra7 Kd7 37. f5 Rg8 38. fxe6+ fxe6 39. Rxh6 Rg3+ 40. Ke4 f5# 0-1

[Event "Late-Titled-Tuesday-Blitz-October-10-2023"]
[Site "Chess.com"]
[Date "2023.10.10"]
[Round "1"]
[White "Chessdreamer2020"]
[Black "Horokoskii"]
[Result "1-0"]
[WhiteElo "2543"]
[BlackElo "2095"]
[TimeControl "180+1"]
[EndTime "14:06:34 PDT"]
[Termination "Chessdreamer2020 won by resignation"]

1. e4 e6 2. b3 d5 3. Bb2 Nf6 4.
e5 Nfd7 5. f4 c5 6. Qg4 Nc6 7. Nf3 h5 8. Qg3 b6 9. Nc3 a6 10. Be2 Bb7 11. O-O h4 12. Qg4 h3 13.
g3 Nb4 14. Rac1 Rc8 15. a3 Nc6 16. Ng5 Nd4 17. Bd3 c4 18. bxc4 dxc4 19. Be4 Bxe4 20.
Ncxe4 Nc5 21. f5 Be7 22. f6 gxf6 23. Nxf6+ Bxf6 24. Rxf6 Nf5 25. Nxf7 Qxd2 26. Qf3 Rf8 27. Nd6+ Nxd6 28. Rxf8+ Kd7 29. Rf7+ Nxf7 30. Rd1 Qxd1+ 31. Qxd1+ Kc7 32. Qh5 Nd8 33. Qxh3 Nc6 34. Qh7+ Kb8 35. h4 Rf8 36. h5 Rd8 37. h6 Rd7 38. Qg8+ Kb7 39.
h7 Rd1+ 40. Kh2 Rd2+ 41. Kh3 Ne7 42. Qg7 1-0

[Event "Late-Titled-Tuesday-Blitz-October-10-2023"]
[Site "Chess.com"]
[Date "2023.10.10"]
[Round "1"]
[White "marcodobrikov"]
[Black "Flaccidmoves"]
[Result "1-0"]
[WhiteElo "2763"]
[BlackElo "2416"]
[TimeControl "180+1"]
[EndTime "14:06:35 PDT"]
[Termination "marcodobrikov won on time"]

1. c4 e5 2. Nc3 Bb4 3. Qb3 Nc6 4. a3 Bxc3 5. Qxc3 f5 6. b4 d6 7. e3 Nf6 8. Bb2 O-O 9. d3 d5 10. cxd5 Nxd5 11. Qc2 f4 12. e4 Nb6 13. Nf3 Qd6 14. h3 a6 15. Be2 Bd7 16. O-O Be8 17. Rac1 Bh5 18. Nh2 Bxe2 19. Qxe2 Na4 20. Ba1 Rac8 21. Nf3 Rfe8 22. Rfd1 Nd4 23. Nxd4 exd4 24. Rc4 Nc3 25. Bxc3 dxc3 26. Rxc3 c5 27. Rdc1 b6 28. bxc5 Rxc5 29. Rxc5 bxc5 30. Qa2+ Kh8 31. Qc4 h6 32. Rc3 Rd8 33. f3 Qb6 34. Qxc5 Qxc5+ 35. Rxc5 Rxd3 36. Ra5 Rd6 37. Rf5 g5 38. h4 Rg6 39. hxg5 hxg5 40.
Kh2 Kh7 41. Kh3 Kh6 42. Kg4 Rb6 43. Rxg5 1-0

[Event "Late-Titled-Tuesday-Blitz-October-10-2023"]
[Site "Chess.com"]
[Date "2023.10.10"]
[Round "1"]
[White "AEMEffi"]
[Black "johnathan113"]
[Result "0-1"]
[WhiteElo "2339"]
[BlackElo "2659"]
[TimeControl "180+1"]
[EndTime "14:06:35 PDT"]
[Termination "johnathan113 won by checkmate"]

1. d4 Nf6 2. c4 g6 3. Nc3 Bg7 4. e4 d6 5. h3 O-O 6. Be3 Na6 7. Nf3 e5 8. d5 Nc5 9. Nd2 a5 10. a3 Nh5 11. g3 Qe8 12. Be2 Nf6 13. b4 axb4 14. axb4 Rxa1 15. Qxa1 Na6 16. Qa3 Nd7 17.
g4 Qe7 18. Nb3 c5 19. bxc5 Ndxc5 20. f3 f5 21. gxf5 gxf5 22. Nxc5 Nxc5 23. Na4 fxe4 24.
Nxc5 exf3 25. Bd3 dxc5 26. Bxc5 Qh4+ 27. Bf2 Qf4 28. Rg1 Kh8 29. Kf1 e4 30. Qe7 Bxh3+ 31.
Ke1 Qc1# 0-1

[Event "Late-Titled-Tuesday-Blitz-October-10-2023"]
[Site "Chess.com"]
[Date "2023.10.10"]
[Round "1"]
[White "Dontmesswithme_2"]
[Black "DopplerCharlotteDeWitte"]
[Result "0-1"]
[WhiteElo "2421"]
[BlackElo "2791"]
[TimeControl "180+1"]
[EndTime "14:06:36 PDT"]
[Termination "DopplerCharlotteDeWitte won on time"]

1. d4 d5 2. c4 e6 3. Nf3 Nf6 4. g3 dxc4 5. Bg2 c6 6. Ne5 Bb4+ 7. Nc3 Nd5 8. Qc2 Nxc3 9. bxc3 Qxd4 10. Bb2 Ba5 11.
Nf3 Qf6 12. O-O O-O 13. Qa4 Bc7 14. Qxc4 Nd7 15. a4 e5 16. a5 Re8 17. Nd2 Qe6 18.
Rfd1 Nf6 19. a6 Bb6 20. Qxe6 Rxe6 21. Bh3 Re8 22. Bxc8 Raxc8 23. axb7 Rb8 24. Nc4 Ne4 25. Nxb6 axb6 26. Ra7 f6 27. Ba3 Nxc3 28. Bd6 Rbd8 29. Rb1 Nxb1 30. Bc7 Rc8 31. bxc8=Q Rxc8 32. Bxb6 Nc3 33.
Kf1 h5 34. Rd7 Nd5 35. Bc5 Rc7 36. Rd8+ Kf7 37. e4 Nc3 38. f3 Rb7 0-1

[Event "Late-Titled-Tuesday-Blitz-October-10-2023"]
[Site "Chess.com"]
[Date "2023.10.10"]
[Round "1"]
[White "annacramling"]
[Black "NateSolon"]
[Result "0-1"]
[WhiteElo "2204"]
[BlackElo "2576"]
[TimeControl "180+1"]
[EndTime "14:06:36 PDT"]
[Termination "NateSolon won by checkmate"]

1. d4 d5 2. c4 c6 3. Nc3 Nf6 4. Nf3 e6 5. e3 a6 6. cxd5 exd5 7. Bd3 Bd6 8. O-O O-O 9. Ne5 c5 10. f4 Nc6 11. b3 Re8 12. Bb2 cxd4 13. exd4 Qb6 14.
Nxd5 Qd8 15. Nxf6+ Qxf6 16. Nxc6 bxc6 17. Qc2 Bd7 18.
Bxh7+ Kh8 19. d5 Qh6 20. dxc6 Bxc6 21. Qxc6 Kxh7 22. Qd7 Rad8 23. Qf5+ Kg8 24. Rf3 Re2 25. Rg3 Rxb2 26. Rh3 Qg6 27. Qd5 Bc5+ 28. Qxc5 Qxg2# 0-1

[Event "Late-Titled-Tuesday-Blitz-October-10-2023"]
[Site "Chess.com"]
[Date "2023.10.10"]
[Round "1"]
[White "semchik73"]
[Black "KaydenTroffChess"]
[Result "1-0"]
[WhiteElo "2448"]
[BlackElo "2790"]
[TimeControl "180+1"]
[EndTime "14:06:38 PDT"]
[Termination "semchik73 won on time"]

1. Nf3 Nf6 2. c4 g6 3. Nc3 Bg7 4. d4 d5 5. Qb3 dxc4 6. Qxc4 O-O 7. e4 a6 8. Be2 b5 9. Qb3 c5 10. dxc5 Be6 11. Qc2 Nbd7 12. c6 Nb6 13. Be3 Nc4 14. Bc5 Rc8 15. Rd1 Qa5 16. Bxe7 Rfe8 17. b4 Qa3 18.
Bc5 Rxc6 19. Nd4 Rcc8 20. Nxe6 Rxe6 21. Bxc4 bxc4 22. Nb1 Rxe4+ 23. Qxe4 Qxa2 24. Qe2 Re8 25. Be3 Qb3 26. O-O Ne4 27. Nd2 Nc3 28. Qxc4 Qxc4 29.
Nxc4 Nxd1 30. Rxd1 Bc3 31. Bc5 Rc8 32. Nd6 Rb8 33. Rb1 a5 34. b5 a4 35. b6 Be5 36.
Nc4 Bf6 37. b7 a3 38. Bxa3 1-0

[Event "Late-Titled-Tuesday-Blitz-October-10-2023"]
[Site "Chess.com"]
[Date "2023.10.10"]
[Round "1"]
[White "TigrVShlyape"]
[Black "ProfessorChess101"]
[Result "1-0"]
[WhiteElo "2933"]
[BlackElo "2496"]
[TimeControl "180+1"]
[EndTime "14:06:39 PDT"]
[Termination "TigrVShlyape won by resignation"]

1. d4 Nf6 2. Bf4 d5 3. e3 c5 4.
c3 Nc6 5. Nd2 Qb6 6. Qb3 c4 7.
Qc2 g6 8. Ngf3 Bf5 9. Qc1 Bg7 10. Be2 O-O 11. O-O Nh5 12. Bg3 Nxg3 13. hxg3 e5 14. dxe5 Nxe5 15. Nxe5 Bxe5 16. Nf3 Bg7 17. Rd1 Rad8 18.
Nd4 Bc8 19. Bf3 Rfe8 20. Rd2 h5 21. Qc2 Qf6 22. Rad1 h4 23. gxh4 Qxh4 24. Ne2 Bf5 25. Qa4 Be4 26. Bxe4 Qxe4 27. Ng3 Qe6 28. Qxa7 Be5 29.
Ne2 Qc6 30. Nd4 Qc7 31. Qa4 Kg7 32. Nf3 Qc5 33. e4 Bg3 34. Kf1 Bf4 35. Rxd5 Rxd5 36.
Rxd5 Qc8 37. Qd7 Qa8 38. g3 Bh6 39. Ne5 Rf8 40. a3 Qa4 41. Qxa4 1-0

[Event "Late-Titled-Tuesday-Blitz-October-10-2023"]
[Site "Chess.com"]
[Date "2023.10.10"]
[Round "1"]
[White "Jospem"]
[Black "GlavkonVVS"]
[Result "1-0"]
[WhiteElo "3109"]
[BlackElo "2521"]
[TimeControl "180+1"]
[EndTime "14:06:41 PDT"]
[Termination "Jospem won by resignation"]

1. e4 Nf6 2. e5 Nd5 3. d4 d6 4.
Nf3 Bg4 5. Be2 e6 6. O-O Be7 7. c4 Nb6 8. exd6 cxd6 9. Nc3 O-O 10. h3 Bh5 11. Be3 d5 12. c5 Bxf3 13. Bxf3 Nc8 14. b4 Bf6 15. Qd3 Nc6 16. b5 Na5 17. Bf4 Ne7 18.
Ne2 Nf5 19. Bg4 Ne7 20. a4 g6 21. Rfe1 h5 22. Bf3 Nf5 23. g4 hxg4 24. hxg4 Nh4 25. Bg2 g5 26. Bg3 Ng6 27. Rac1 Rc8 28. Bf3 Kg7 29.
Kg2 Rh8 30. Rh1 Nh4+ 31. Bxh4 Rxh4 32. Rxh4 gxh4 33. Kh3 Bg5 34. Rc2 Qf6 35. Kg2 b6 36.
c6 Nc4 37. Ng1 a6 38. Nh3 axb5 39. axb5 Rc7 40. Ra2 Nd6 41. Ra6 Nc8 42. Be2 Bf4 43. Qd1 Bd6 44. Qd2 Qg6 45. f3 Qf6 46. f4 Qg6 47.
Ra1 f5 48. g5 Ne7 49. Qe3 Kf7 50. Ra6 Nc8 51. Bf3 Re7 52. Qe2 Kf8 53. Ra8 Rc7 54.
Bh5 Qh7 55. Qxe6 Qxh5 56. Qxd6+ Kf7 57. Qxc7+ Ne7 58. Ra3 Qe2+ 59. Nf2 h3+ 60. Rxh3 1-0

[Event "Late-Titled-Tuesday-Blitz-October-10-2023"]
[Site "Chess.com"]
[Date "2023.10.10"]
[Round "1"]
[White "PatzerSmashers"]
[Black "mbojan"]
[Result "0-1"]
[WhiteElo "2418"]
[BlackElo "2767"]
[TimeControl "180+1"]
[EndTime "14:06:41 PDT"]
[Termination "mbojan won on time"]

1. d4 g6 2. e4 Nf6 3. e5 Nh5 4. Nf3 d6 5. Bc4 Nc6 6. exd6 Qxd6 7. c3 Bg7 8. O-O O-O 9. Re1 e5 10. dxe5 Nxe5 11. Nxe5 Bxe5 12. Qxd6 cxd6 13. Nd2 Be6 14. Bxe6 fxe6 15. Nf3 Rad8 16. Bg5 Bf6 17. Rxe6 Bxg5 18. Nxg5 Nf4 19. Re7 Rf5 20. h4 h6 21. Ne6 Re5 22. Rg7+ Kh8 23. Nxd8 Kxg7 24. Nxb7 Rb5 25. Nxd6 Rxb2 26.
Ne4 Re2 27. Ng3 Rc2 28. Rb1 Rxa2 29. Ne4 Kf7 30. Rb7+ Ke6 31. Nc5+ Kd5 32. Nd7 Nd3 33. Nf8 Nxf2 34. Nxg6 Ng4 35. g3 Ke4 36. Rf7 Ne3 37. Rf4+ Kd3 38. Ne5+ Kxc3 39. g4 a5 40. Re4 Kd2 0-1

[Event "Late-Titled-Tuesday-Blitz-October-10-2023"]
[Site "Chess.com"]
[Date "2023.10.10"]
[Round "1"]
[White "Aygehovit1992"]
[Black "acertijo08"]
[Result "1-0"]
[WhiteElo "2694"]
[BlackElo "2377"]
[TimeControl "180+1"]
[EndTime "14:06:41 PDT"]
[Termination "Aygehovit1992 won by resignation"]

1. e4 c5 2. Nc3 Nc6 3. Bb5 g6 4. Bxc6 bxc6 5. f4 Bg7 6. Nf3 d5 7. d3 Nf6 8. Qe2 O-O 9. O-O Rb8 10. Rb1 Ba6 11. e5 Ne8 12. b3 Nc7 13. Na4 c4 14. Nc5 cxd3 15. cxd3 Bc8 16. Nd4 Rb6 17. f5 Nb5 18. Bb2 Nxd4 19. Bxd4 Bxf5 20. Rf4 h5 21. Rbf1 e6 22. h3 h4 23. Qf2 Qc7 24. Re1 Rb4 25.
Rxh4 Rxd4 26. Qxd4 Qe7 27. Rf4 Rb8 28. g4 g5 29.
gxf5 gxf4 30. f6 Bxf6 31. exf6 Qd6 32. Re5 1-0

[Event "Late-Titled-Tuesday-Blitz-October-10-2023"]
[Site "Chess.com"]
[Date "2023.10.10"]
[Round "1"]
[White "Atanejhad"]
[Black "GMG"]
[Result "0-1"]
[WhiteElo "2386"]
[BlackElo "2715"]
[TimeControl "180+1"]
[EndTime "14:06:42 PDT"]
[Termination "GMG won by checkmate"]

1. d4 f5 2. b3 Nf6 3. Bb2 e6 4.
Nd2 b6 5. c4 Bb7 6. e3 Bb4 7.
a3 Bxd2+ 8. Qxd2 O-O 9. Nf3 Ne4 10. Qc2 Qf6 11. Bd3 Qg6 12. Rg1 d6 13. O-O-O Nd7 14.
Kb1 c5 15. d5 exd5 16. cxd5 Rae8 17. g4 fxg4 18. Nd2 Nxd2+ 19. Rxd2 Qh5 20. h3 Qxh3 21. Bf5 Ne5 22. Rg3 Qh5 23. Be6+ Kh8 24. f4 gxf3 25. Rh2 Qxh2 26. Qxh2 f2 27. Rh3 f1=Q+ 28. Ka2 Qd3 29. Rh4 Rxe6 30. dxe6 Bd5 31. e7 Bxb3+ 32. Ka1 Qd1+ 33.
Bc1 Qxc1# 0-1

[Event "Late-Titled-Tuesday-Blitz-October-10-2023"]
[Site "Chess.com"]
[Date "2023.10.10"]
[Round "1"]
[White "StarkyNZ"]
[Black "AlexOstrovskiy"]
[Result "1-0"]
[WhiteElo "2325"]
[BlackElo "2611"]
[TimeControl "180+1"]
[EndTime "14:06:42 PDT"]
[Termination "StarkyNZ won by checkmate"]

1. c4 b6 2. e4 Bb7 3. Bd3 e5 4. a3 a5 5. Nc3 Nc6 6. Nge2 Bc5 7. O-O Nge7 8. Bc2 O-O 9. Rb1 d6 10. Nb5 f5 11. exf5 Nxf5 12. Be4 Kh8 13. b4 axb4 14. axb4 Bd4 15. Nexd4 exd4 16. Qh5 g6 17. Qh3 Ra4 18. g4 Nfe7 19. d3 Qc8 20. Bg5 Rf7 21. Qh4 Kg8 22.
f4 Ra2 23. f5 gxf5 24. gxf5 Nxf5 25. Qh3 Nce7 26. Qh5 Rg7 27. Bxb7 Qe6 28. Qe8# 1-0

[Event "Late-Titled-Tuesday-Blitz-October-10-2023"]
[Site "Chess.com"]
[Date "2023.10.10"]
[Round "1"]
[White "emeli_chess"]
[Black "WDCH"]
[Result "0-1"]
[WhiteElo "2404"]
[BlackElo "2722"]
[TimeControl "180+1"]
[EndTime "14:06:43 PDT"]
[Termination "WDCH won on time"]

1. d4 Nf6 2. c4 c5 3. d5 e6 4. Nc3 exd5 5. cxd5 d6 6. Nf3 Be7 7. h3 O-O 8. e4 Re8 9. Bd3 Na6 10. O-O Nd7 11. Re1 f6 12. Bf1 Rb8 13.
Nb5 Ra8 14. Nh4 Nc7 15. Nc3 Rb8 16. a4 a6 17. f4 Bf8 18. Nf3 b5 19. a5 g6 20. e5 fxe5 21. fxe5 dxe5 22. d6 Ne6 23. Nd5 Bb7 24. Nxe5 Nxe5 25. Rxe5 Qxd6 26. Nf6+ Kh8 27. Bf4 Qxd1 28. Rxd1 Re7 29. Bg3 Rd8 30. Rxd8 Nxd8 31. Rxe7 Bxe7 32. Be5 Nc6 33. Nd5+ Nxe5 34. Nxe7 Kg7 0-1